 Dungeon Crawl Stone Soup version 0.19.0-11-g3fc08b3 (webtiles) character file.

47775 lorenzova the Unseen (level 14, -25/59 HPs)
             Began as a Spriggan Enchanter on Nov 8, 2016.
             Was a Priest of Dithmenos (penitent).
             Killed from afar by a Tzitzimitl (57 damage)
             ... with a bolt of cold
             ... created by the darkness of Dithmenos
             ... on level 6 of the Lair of Beasts.
             The game lasted 00:55:23 (20665 turns).

lorenzova the Unseen (Spriggan Enchanter)          Turns: 20665, Time: 00:55:24

Health: -25/59     AC:  8    Str:  7    XL:     14   Next: 9%
Magic:  24/28      EV: 36    Int: 16    God:    Dithmenos [*]
Gold:   1073       SH:  4    Dex: 25    Spells: 4 memorised, 22 levels left

rFire  . . .     SeeInvis +     G - +4 dagger (freeze)
rCold  . . .     Gourm    .     P - +1 steam dragon scales
rNeg   . . .     Faith    .     (shield restricted)
rPois  .         Spirit   .     (helmet restricted)
rElec  +         Reflect  .     L - +1 cloak
rCorr  .         Harm     .     (gloves unavailable)
MR     +++..                    (boots unavailable)
Stlth  ++++++++..               h - amulet of magic regeneration
                                T - ring of Bahujeag {rElec MR+ Str+3}
                                f - +3 ring of dexterity

@: very quick
A: unfitting armour, large bone plates 1, see invisible, herbivore 3, speed 3,
slow metabolism 2, sturdy frame 1
a: Renounce Religion


You were on level 6 of the Lair of Beasts.
You worshipped Dithmenos.
Dithmenos was demanding penance.
You were very full.

You visited 3 branches of the dungeon, and saw 17 of its levels.
You also visited: Volcano.

You collected 1073 gold pieces.

Inventory:

Hand Weapons
 G - a +4 dagger of freezing (weapon)
 O - a +1 dagger of venom
Armour
 b - a +2 robe of fire resistance
 L - a +1 cloak (worn)
 P - +1 steam dragon scales (worn)
Jewellery
 f - a +3 ring of dexterity (left hand)
 h - an amulet of magic regeneration (around neck)
 j - an uncursed ring of ice
 u - a +2 ring of evasion
 z - an uncursed ring of fire
 F - an uncursed ring of poison resistance
 S - the ring "Hamot" {rC+ Stlth+}
   (You found it on level 5 of the Lair of Beasts)

   [ring of stealth]

   It protects you from cold.
   It makes you more stealthy.
 T - the ring of Bahujeag (right hand) {rElec MR+ Str+3}
   (You found it on level 10 of the Dungeon)

   [ring of strength]

   It affects your strength (+3).
   It insulates you from electricity.
   It affects your resistance to hostile enchantments.
Wands
 k - a wand of lightning (0/15)
 l - a wand of teleportation (3/9)
 J - a wand of iceblast (7/15)
 M - a wand of lightning (9/15)
 N - a wand of disintegration (8/24)
Scrolls
 c - a scroll of summoning
 g - 3 scrolls of enchant armour
 p - 6 scrolls of fear
 s - 3 scrolls of amnesia
 w - 3 scrolls of fog
 y - a scroll of enchant weapon
 B - 8 scrolls of remove curse
 E - 5 scrolls of teleportation
 H - a scroll of silence {unknown}
 R - 2 scrolls of identify
 U - a scroll of recharging
Potions
 a - a potion of ambrosia {unknown}
 e - 2 potions of flight
 i - 3 potions of might
 m - 3 potions of curing
 n - 2 potions of invisibility
 q - 3 potions of cancellation
 r - a potion of agility
 v - 3 potions of heal wounds
 x - 2 potions of lignification
 A - a potion of cure mutation
 C - a potion of mutation
 D - a potion of experience {unknown}
 I - 3 potions of brilliance
 K - 3 potions of berserk rage {unknown}
 V - 3 potions of haste {unknown}
Books
 o - a book of Beasts

   Spells                             Type                      Level
   a - Summon Butterflies             Summoning                    1
   b - Call Canine Familiar           Summoning                    3
   c - Summon Ice Beast               Ice/Summoning                4
   d - Summon Mana Viper              Hexes/Summoning              5
   e - Summon Hydra                   Summoning                    7
 Q - a book of Enchantments

   Spells                             Type                      Level
   a - Cause Fear                     Hexes                        4
   b - Yara's Violent Unravelling     Hexes/Transmutation          5
   c - Silence                        Hexes/Air                    5
   d - Deflect Missiles               Charms/Air                   6
   e - Discord                        Hexes                        8
Comestibles
 d - 10 bread rations
 t - 10 fruits


   Skills:
 + Level 13.1 Short Blades
 + Level 16.4 Dodging
 + Level 20.3 Stealth
 - Level 9.7 Spellcasting
 - Level 10.2 Hexes


You had 22 spell levels left.
You knew the following spells:

 Your Spells              Type           Power        Failure   Level  Hunger
a - Corona                Hex            #####..      1%          1    None
b - Ensorcelled Hibernat  Hex/Ice        ###...       1%          2    None
c - Confuse               Hex            #####...     1%          3    None
d - Cause Fear            Hex            #####.....   1%          4    ###....


Dungeon Overview and Level Annotations

Branches:
Dungeon (10/15)            Temple (1/1) D:7            Lair (6/6) D:10
 Shoals (0/4) Lair:3        Snake (0/4) Lair:4        Slime (0/5) Lair:5
    Orc: D:9-12

Altars:
Ashenzari
Cheibriados
Dithmenos
Fedhas
Gozag
Hepliaklqana
Kikubaaqudgha
Makhleb
Nemelex Xobeh
Okawaru
Qazlal
Ru
Sif Muna
Trog
Uskayaw
Vehumet
Yredelemnul
Zin
The Shining One

Annotations:
D:3 Thomus's ghost, amateur HOFi
D:8 Erica
Lair:3 exclusion: 4 oklob plants


Innate Abilities, Weirdness & Mutations

You are very small and have problems with some larger weapons.
You are too small for most types of armour.
You have supernaturally acute eyesight. (SInv)
You are a herbivore.
You cover ground extremely quickly.
You need consume almost no food.
You are partially covered in large bone plates. (SH +4)
Your movements are slightly less encumbered by armour. (ER -2)


Message History

Press: ? - help, Shift-Dir - straight line, f - red devil
Aim: a red devil, wielding a trident (hasn't noticed you, chance to defeat MR: 32%)
The red devil easily resists.
The red devil misses you.
Casting: Confuse
Confirm with . or Enter, or press ? or * to list all spells.
Aiming: Confuse
Press: ? - help, Shift-Dir - straight line, f/p - red devil
Aim: a red devil, wielding a trident (chance to defeat MR: 32%)
The red devil appears confused.
The Tzitzimitl roars!
A red devil comes into view. It is wielding a trident.
The Tzitzimitl calls on the powers of darkness!
Your body is wracked with pain!
There is an open door here.
The shadow demon croaks.
There is an open door here.
The Tzitzimitl gestures at you. The bolt of cold hits you!
Ouch! That really hurt!
You die...

♣...♣♣ ♣....♣♣♣
♣♣♣..♣♣..♣♣♣
♣♣...♣♣♣♣♣..♣♣♣ ♣ ♣♣♣♣...♣♣
♣♣♣..♣♣ ♣♣♣....♣♣♣ ♣♣..♣♣
.....♣♣♣ ♣....♣ ♣♣.♣♣♣
######''#######
♣♣♣'#########...@.........#
♣#........#...8....8....#
#..8.82..'.............#
#...8.8.1###############
#..8.8...#.......4
#..28.84.#........
#..848...'...._4.§
#...8.8..#.....444
#.......)#.....≈≈≈


You could see a Tzitzimitl and a shadow demon.

Vanquished Creatures
  Rupert (Lair:5)
  The ghost of Vajrapani the Carver, a journeyman HuFi of Makhleb (Lair:3)
  The ghost of Chiseanne the Thaumaturge, a journeyman CeVM of Vehumet (D:10)
  7 hydras
  A hell beast (Lair:6)
  A catoblepas (Lair:6)
  A dancing weapon (Volcano)
  2 death yaks
  Urug (D:10)
  An unseen horror (D:10)
  7 wizards
  4 oklob plants
  An ugly thing (D:10)
  4 toenail golems (Volcano)
  10 elephants
  2 orange demons (Lair:6)
  A gargoyle (D:10)
  7 black mambas
  9 spiny frogs
  A torpor snail (Lair:6)
  4 rime drakes
  2 ice devils (Lair:6)
  5 komodo dragons
  A troll (D:10)
  A polar bear (Lair:4)
  A hellwing (Lair:6)
  A two-headed ogre (D:8)
  4 large abominations (D:9)
  11 blink frogs
  6 dream sheep (Lair:4)
  4 hippogriffs
  A wraith (D:10)
  12 yaks
  2 basilisks
  A hungry ghost (D:10)
  A steam dragon (D:9)
  21 water moccasins
  A hell hound (Lair:6)
  8 porcupines
  2 orc warriors
  2 sky beasts
  A black bear (D:6)
  An eye of draining (D:9)
  5 ogres
  A wolf (Lair:3)
  A phantom (D:9)
  5 centaurs
  9 crocodiles
  2 big kobolds (D:9)
  7 small abominations (D:9)
  7 bullfrogs
  A water moccasin zombie (D:5)
  6 scorpions
  13 killer bees (D:8)
  An electric eel (Lair:6)
  4 howler monkeys
  6 crimson imps
  A centaur zombie (D:6)
  3 bullfrog zombies
  9 hounds
  3 orc priests (D:8)
  10 orc wizards
  2 centaur skeletons
  5 iguanas
  2 worker ants
  A hound skeleton (D:10)
  A worker ant zombie (D:9)
  4 gnolls
  2 howler monkey skeletons
  20 adders
  A shadow imp (D:9)
  4 adder zombies
  2 adder skeletons
  A dart slug (D:3)
  9 leopard geckos
  39 orcs
  6 giant cockroaches
  7 goblins
  9 hobgoblins
  11 jackals
  21 kobolds
  3 quokkas
  3 ball pythons
  9 bats
  9 frilled lizards
  A jackal zombie (D:6)
  A leopard gecko zombie (D:7)
  7 rats
  A plant (Lair:4)
431 creatures vanquished.

Vanquished Creatures (others)
  11 fungi
  15 plants
26 creatures vanquished.

Grand Total: 457 creatures vanquished

Notes
Turn   | Place    | Note
-------+----------+-------------------------------------------
     0 | D:1      | lorenzova the Spriggan Enchanter began the quest for the Orb.
     0 | D:1      | Reached XP level 1. HP: 9/9 MP: 5/5
   337 | D:1      | Reached XP level 2. HP: 9/13 MP: 6/6
   437 | D:1      | Learned a level 2 spell: Ensorcelled Hibernation
   742 | D:1      | Reached skill level 5 in Stealth
  1099 | D:1      | Reached XP level 3. HP: 12/16 MP: 8/8
  1191 | D:1      | Learned a level 3 spell: Confuse
  1708 | D:2      | Found an iron altar of Okawaru.
  1741 | D:2      | Reached XP level 4. HP: 11/21 MP: 2/10
  2117 | D:2      | Reached skill level 5 in Hexes
  2314 | D:2      | Reached skill level 6 in Stealth
  2396 | D:3      | Noticed Thomus's ghost (amateur HOFi)
  2534 | D:3      | Reached XP level 5. HP: 8/24 MP: 0/12
  3629 | D:3      | Found a sparkling altar of Nemelex Xobeh.
  4527 | D:4      | Reached XP level 6. HP: 27/28 MP: 6/14
  4647 | D:4      | Reached skill level 7 in Stealth
  4647 | D:4      | Reached skill level 5 in Spellcasting
  4808 | D:4      | Reached XP level 7. HP: 32/32 MP: 16/16
  4820 | D:4      | Reached skill level 8 in Stealth
  5110 | D:5      | Entered Level 5 of the Dungeon
  6522 | D:6      | Reached skill level 9 in Stealth
  6671 | D:6      | Reached XP level 8. HP: 36/36 MP: 17/19
  7368 | D:6      | Reached skill level 10 in Stealth
  7707 | D:7      | Found a radiant altar of Vehumet.
  7731 | D:7      | Found a staircase to the Ecumenical Temple.
  7746 | Temple   | Entered the Ecumenical Temple
  7778 | Temple   | Became a worshipper of Dithmenos the Shadowed
  7884 | D:7      | Noticed a hippogriff
  8159 | D:7      | Killed a hippogriff
  8159 | D:7      | Reached skill level 11 in Stealth
  8342 | D:8      | Reached XP level 9. HP: 31/39 MP: 17/22
  8356 | D:8      | Noticed Erica
  8729 | D:8      | Reached * piety under Dithmenos
  8810 | D:8      | Reached skill level 12 in Stealth
  9326 | D:8      | Reached skill level 10 in Hexes
  9788 | D:9      | Reached skill level 13 in Stealth
  9907 | D:9      | Reached XP level 10. HP: 44/44 MP: 21/24
  9958 | D:9      | Reached ** piety under Dithmenos
  9958 | D:9      | Reached skill level 5 in Dodging
 10541 | D:9      | Noticed a wizard
 10556 | D:9      | Killed a wizard
 10592 | D:9      | Noticed a large abomination
 10765 | D:9      | Killed a large abomination
 10901 | D:9      | Reached skill level 5 in Short Blades
 11222 | D:8      | Reached skill level 14 in Stealth
 11531 | D:9      | Got a smoking spear
 11541 | D:9      | Identified the +3 spear "Sierph" {pierce, Stlth+} (You found it on level 9 of the Dungeon)
 11555 | D:10     | Entered Level 10 of the Dungeon
 11555 | D:10     | Noticed Urug
 11561 | D:10     | Killed Urug
 11584 | D:10     | Noticed Chiseanne's ghost (journeyman CeVM)
 11981 | D:10     | Killed Chiseanne's ghost
 12005 | D:10     | Reached XP level 11. HP: 40/47 MP: 12/25
 12233 | D:10     | Noticed a red ugly thing
 12240 | D:10     | Killed a red ugly thing
 12240 | D:10     | Reached skill level 15 in Stealth
 12260 | D:10     | Noticed an unseen horror
 12266 | D:10     | Killed an unseen horror
 12325 | D:10     | Reached *** piety under Dithmenos
 12380 | D:10     | Got a smoking copper ring
 12523 | D:10     | Reached skill level 10 in Dodging
 12648 | D:10     | Found a staircase to the Lair.
 12747 | D:10     | Identified the ring of Bahujeag {rElec MR+ Str+3} (You found it on level 10 of the Dungeon)
 12814 | Lair:1   | Entered Level 1 of the Lair of Beasts
 13477 | Lair:1   | Reached skill level 16 in Stealth
 14684 | Lair:2   | Gained mutation: You are partially covered in large bone plates. (SH +4) [potion of mutation]
 14684 | Lair:2   | Gained mutation: Your movements are slightly less encumbered by armour. (ER -2) [potion of mutation]
 14702 | Lair:3   | Found a staircase to the Shoals.
 14737 | Lair:3   | Noticed an oklob plant
 14747 | Lair:3   | Noticed an oklob plant
 14748 | Lair:3   | Killed an oklob plant
 14749 | Lair:3   | Noticed an oklob plant
 14749 | Lair:3   | Noticed an oklob plant
 14827 | Lair:3   | Noticed Vajrapani's ghost (journeyman HuFi)
 14875 | Lair:3   | Killed Vajrapani's ghost
 15003 | Lair:3   | Found a blossoming altar of Fedhas.
 15018 | Lair:3   | Noticed an oklob plant
 15469 | Lair:4   | Reached XP level 12. HP: 51/51 MP: 18/26
 15608 | Lair:4   | Found a staircase to the Snake Pit.
 15632 | Lair:4   | Reached **** piety under Dithmenos
 15632 | Lair:4   | Reached skill level 17 in Stealth
 16281 | Lair:2   | Noticed an eight-headed hydra
 16318 | Lair:2   | Killed an eight-headed hydra
 16557 | Lair:4   | Reached skill level 10 in Short Blades
 16719 | Lair:4   | Noticed a six-headed hydra
 16739 | Lair:4   | Killed a six-headed hydra
 17465 | Lair:5   | Reached skill level 18 in Stealth
 17491 | Lair:5   | Noticed a death yak
 17493 | Lair:5   | Noticed a death yak
 17493 | Lair:5   | Noticed a death yak
 17494 | Lair:5   | Noticed a death yak
 17495 | Lair:5   | Noticed a death yak
 17561 | Lair:5   | Noticed Rupert
 17595 | Lair:5   | Noticed a death yak
 17601 | Lair:5   | Noticed a four-headed hydra
 17672 | Lair:5   | Found a staircase to the Slime Pits.
 17692 | Lair:5   | Found a dark tunnel.
 17703 | Volcano  | Entered a volcano
 17714 | Volcano  | Reached ***** piety under Dithmenos
 17958 | Volcano  | Reached XP level 13. HP: 32/55 MP: 27/27
 18309 | Lair:5   | Learned a level 4 spell: Cause Fear
 18843 | Lair:5   | Killed Rupert
 18843 | Lair:5   | Reached skill level 15 in Dodging
 18843 | Lair:5   | Reached skill level 19 in Stealth
 19270 | Lair:5   | Got a scorched glass ring
 19586 | Lair:5   | Identified the ring "Hamot" {rC+ Stlth+} (You found it on level 5 of the Lair of Beasts)
 19594 | Lair:6   | Entered Level 6 of the Lair of Beasts
 19897 | Lair:6   | Reached skill level 20 in Stealth
 20099 | Lair:6   | Reached XP level 14. HP: 59/59 MP: 28/28
 20122 | Lair:6   | Found a burning altar of Makhleb.
 20384 | Lair:6   | Was placed under penance by Dithmenos
 20556 | Lair:6   | Noticed a Tzitzimitl
 20665 | Lair:6   | Killed from afar by a Tzitzimitl

Skill      XL: |  1  2  3  4  5  6  7  8  9 10 11 12 13 14 |
---------------+-------------------------------------------+-----
Hexes          | 4 5 6 7 9 10 | 10.2
Spellcasting   | 3 4 5 6 8 9 |  9.7
Stealth        | 5 6 7 9 11 13 14 16 18 20 | 20.3
Short Blades   | 3 6 9 11 12 13 | 13.1
Dodging        | 4 9 11 14 16 | 16.4

Action                   |  1- 3 |  4- 6 |  7- 9 | 10-12 | 13-15 || total
-------------------------+-------+-------+-------+-------+-------++-------
Melee: Dagger            |   194 |   201 |   335 |   407 |   127 ||  1264
 Cast: Corona            |     2 |       |       |       |       ||     2
       Ensorcelled Hiber |    22 |    27 |    77 |   105 |    36 ||   267
       Confuse           |       |     9 |    48 |   110 |    80 ||   247
Evoke: Wand              |       |       |       |     4 |     1 ||     5
  Use: Scroll            |       |     1 |     5 |    21 |       ||    27
       Potion            |       |       |     1 |     3 |     1 ||     5
 Stab: Sleeping          |    14 |    30 |    73 |    88 |    39 ||   244
       Distracted        |     1 |     1 |     1 |       |     1 ||     4
       Confused          |       |     5 |    23 |    48 |    21 ||    97
       Invisible         |       |       |       |     2 |     9 ||    11
  Eat: Fruit             |       |     2 |       |       |    10 ||    12
       Bread ration      |       |     1 |       |     1 |       ||     2
       Royal jelly       |       |       |     1 |       |       ||     1
       Pizza             |       |       |       |     2 |       ||     2
Armor: Robe              |    33 |    35 |    25 |       |       ||    93
       Steam dragon scal |       |       |     1 |    22 |     3 ||    26
Dodge: Dodged            |   219 |   167 |   309 |   332 |    53 ||  1080
Block: Other             |       |       |       |    23 |     5 ||    28
